AoeStats
← C4$TL3 a0e

Black Forest

510918385Analyzed
2v2 RM · 22h ago on Oct 3, 2026· 65m 46s· 4 players
Game mode
Random Map
Map size
Medium (4 player)
Population
200
Speed
Normal
Resources
Standard
Victory
Conquest
Starting age
Dark Age
Ending age
Imperial Age
RankedLock teamsTeams togetherTeam positionsShared explorationLock speedFull tech treeHidden civsTurbo modeCheats
Victory
Defeat
🇦🇷 Varangians · Argentina
1023
+17
🇦🇷 Poles · Argentina
1017
+44
🇨🇱 Jurchens · Chile
1051
-17
🇦🇷 Bohemians · Argentina
1043
-17
APPS SantiMedia
0:38 Loom
20:07 Feudal Age
21:34 Double-Bit Axe
22:26 Fletching
24:56 Castle Age
24:33 Stone Mining
24:33 Gold Mining
26:07 Bloodlines
25:57 Husbandry
35:22 Horse Collar
39:25 Bow Saw
40:13 Wheelbarrow
39:25 Town Watch
40:24 Husbandry
40:32 Scale Barding Armor
40:37 Forging
40:44 Forging
41:54 Heavy Plow
44:17 Iron Casting
47:25 Imperial Age
45:37 Hand Cart
45:26 Town Patrol
46:24 Chain Barding Armor
46:00 Bodkin Arrow
46:05 Padded Archer Armor
46:42 Caravan
47:13 Coinage
49:27 Two-Man Saw
48:58 Crop Rotation
49:14 Plate Barding Armor
49:44 Blast Furnace
48:23 Gothikon
49:24 Conscription
48:30 Light Cavalry
48:30 Cavalier
49:19 Vendel Legacy
50:08 Squires
49:54 Arson
50:11 Scale Mail Armor
50:01 Elite Varangian Guard
50:42 Pikeman
52:00 Bracer
54:05 Elite Jarl
57:49 Banking
57:29 Guilds
57:09 Crossbowman
57:09 Elite Skirmisher
58:09 Chain Mail Armor
58:48 Hussar
59:00 Halberdier
59:26 Gambesons
59:01 Man-at-Arms
62:43 Chemistry
61:49 Siege Engineers
61:55 Masonry
61:27 Treadmill Crane
61:58 Fortified Wall
APPS Gamblear
1:32 Loom
12:23 Feudal Age
13:41 Wheelbarrow
12:53 Double-Bit Axe
18:37 Castle Age
24:13 Fletching
32:52 Bow Saw
38:14 Imperial Age
37:20 Light Cavalry
38:10 Bloodlines
39:13 Husbandry
39:35 Conscription
40:57 Winged Hussar
44:47 Horse Collar
45:45 Gold Mining
46:04 Scale Barding Armor
46:09 Forging
47:51 Chain Barding Armor
48:51 Lechitic Legacy
49:15 Hand Cart
49:01 Heavy Plow
50:48 Iron Casting
50:24 Onager
51:45 Crop Rotation
52:27 Chemistry
51:48 Ballistics
51:39 Fortified Wall
51:25 Murder Holes
51:17 Arrowslits
53:54 Blast Furnace
52:53 Onager
64:27 Town Watch
66:12 Bodkin Arrow
66:18 Padded Archer Armor
66:18 Scale Mail Armor
C4$TL3 a0e
0:31 Loom
13:41 Feudal Age
13:48 Feudal Age
18:00 Castle Age
17:06 Double-Bit Axe
34:14 Horse Collar
34:53 Bow Saw
35:56 Wheelbarrow
35:39 Heavy Plow
39:41 Imperial Age
37:36 Hand Cart
38:34 Town Watch
40:28 Chemistry
39:49 Ballistics
40:34 Houfnice
41:43 Wagenburg Tactics
42:06 Fletching
42:16 Padded Archer Armor
44:13 Two-Man Saw
44:40 Fortified Wall
47:14 Crossbowman
50:21 Masonry
50:18 Siege Engineers
52:03 Arbalester
53:31 Bodkin Arrow
53:52 Leather Archer Armor
54:11 Architecture
54:29 Bracer
El_Ricciaoe
0:40 Loom
13:35 Feudal Age
14:38 Man-at-Arms
15:58 Double-Bit Axe
19:01 Fletching
19:32 Gold Mining
20:24 Padded Archer Armor
22:20 Wheelbarrow
22:33 Horse Collar
25:11 Town Watch
29:46 Castle Age
31:19 Bow Saw
31:14 Heavy Plow
30:42 Pikeman
34:15 Hand Cart
34:07 Stone Mining
35:31 Squires
36:17 Scale Mail Armor
38:37 Forging
41:15 Gold Shaft Mining
41:20 Stone Shaft Mining
40:58 Masonry
42:48 Fortified Wall
43:02 Fervor
43:42 Iron Casting
46:36 Imperial Age
46:13 Treadmill Crane
46:29 Bodkin Arrow
50:04 Blast Furnace
48:26 Halberdier
48:53 Arson
50:21 Two-Man Saw
49:47 Conscription
50:14 Chain Mail Armor
53:08 Elite Fire Lancer
55:15 Chemistry
55:03 Heavy Rocket Cart
56:25 Architecture
57:35 Siege Engineers
57:54 Leather Archer Armor
58:19 Bracer
65:11 Scale Barding Armor
65:32 Murder Holes
Connection lost

Rejoining the realm…

Still unreachable

The connection could not be restored.

Session expired

The server has moved on; the page needs a fresh start.